TOP OF THE 1ST |
Oakland Athletics batting - Pitching for Kansas City Royals : RHP Bill Snyder
|
Pitching: RHP Bill Snyder
|
|
Batting: RHB Muneo Kawachi
|
0-0: Called Strike 0-1: Ball 1-1: Called Strike 1-2: Strikes out swinging
|
Batting: SHB Ryan Langlois
|
0-0: Called Strike 0-1: Ball 1-1: Fly out, F7 (Flyball, 7LD, EV 101.9 MPH)
|
Batting: LHB Nate Dean
|
0-0: Ball 1-0: Ball 2-0: Ball 3-0: Base on Balls
|
Batting: RHB Sébastien Piat
|
0-0: Ball 1-0: Foul Ball, location: 2F 1-1: Ball 2-1: Ground out 4-3 (Groundball, 4S, EV 91.9 MPH)
|
Top of the 1st over - 0 runs, 0 hits, 0 errors, 1 left on base; Oakland 0 - Kansas City 0 |
BOTTOM OF THE 1ST |
Kansas City Royals batting - Pitching for Oakland Athletics : RHP Mitsuo Kuriyama
|
Pitching: RHP Mitsuo Kuriyama
|
|
Batting: SHB Tony Prado
|
0-0: Ball 1-0: Ground out 4-3 (Groundball, 4, EV 85.6 MPH)
|
Batting: RHB Adriaan Pieters
|
0-0: SINGLE (Groundball, 3D, EV 101.9 MPH)
|
Batting: LHB Mike Meyerhoff
|
0-0: Called Strike 0-1: Fly out, F7 (Line Drive, 7S, EV 107.5 MPH)
|
Batting: LHB Manny Estrada
|
0-0: Foul Ball, location: 2F 0-1: Called Strike 0-2: Foul Ball, location: 2F 0-2: Ball 1-2: Ball Adriaan Pieters steals 2nd base 2-2: Ball 3-2: Foul Ball, location: 2F 3-2: Foul Ball, location: 2F 3-2: Fly out, F9 (Flyball, 9LD, EV 103.8 MPH)
|
Bottom of the 1st over - 0 runs, 1 hit, 0 errors, 1 left on base; Oakland 0 - Kansas City 0 |
TOP OF THE 2ND |
Oakland Athletics batting - Pitching for Kansas City Royals : RHP Bill Snyder
|
Pitching: LHP John Hall
|
|
Batting: LHB George Leary
|
0-0: Called Strike 0-1: Swinging Strike 0-2: Ball 1-2: Ball 2-2: Strikes out looking
|
Batting: RHB Danny Murillo
|
0-0: Called Strike 0-1: Ball 1-1: Ball 2-1: Foul Ball, location: 2F 2-2: Ground out 5-3 (Groundball, 56, EV 87.5 MPH)
|
Batting: RHB Justin McQuarter
|
0-0: Ball 1-0: Ball 2-0: Ball 3-0: Called Strike 3-1: Called Strike 3-2: Strikes out looking
|
Top of the 2nd over - 0 runs, 0 hits, 0 errors, 0 left on base; Oakland 0 - Kansas City 0 |
BOTTOM OF THE 2ND |
Kansas City Royals batting - Pitching for Oakland Athletics : RHP Mitsuo Kuriyama
|
Batting: SHB Gareth Busby
|
0-0: Ball 1-0: Called Strike 1-1: Swinging Strike 1-2: Ball 2-2: Strikes out looking
|
Batting: LHB Zion Davidson
|
0-0: Foul Ball, location: 2F 0-1: Ball 1-1: Called Strike 1-2: SINGLE (Line Drive, 3L, EV 105.6 MPH)
|
Batting: RHB Aaron Matthews
|
0-0: Called Strike 0-1: Ball 1-1: Ball 2-1: Swinging Strike 2-2: Strikes out swinging
|
Batting: RHB Jordan Diaz
|
0-0: Ball 1-0: Ball 2-0: Fly out, F7 (Flyball, 78S, EV 90.0 MPH)
|
Bottom of the 2nd over - 0 runs, 1 hit, 0 errors, 1 left on base; Oakland 0 - Kansas City 0 |
TOP OF THE 3RD |
Oakland Athletics batting - Pitching for Kansas City Royals : LHP John Hall
|
Batting: LHB Tony Vitela
|
0-0: Called Strike 0-1: Called Strike 0-2: Strikes out swinging
|
Batting: SHB Todd Hewitt
|
0-0: Ball 1-0: Called Strike 1-1: Ground out 6-3 (Groundball, 6, EV 102.5 MPH)
|
Batting: RHB Muneo Kawachi
|
0-0: Ground out 5-3 (Groundball, 5, EV 82.5 MPH)
|
Top of the 3rd over - 0 runs, 0 hits, 0 errors, 0 left on base; Oakland 0 - Kansas City 0 |
BOTTOM OF THE 3RD |
Kansas City Royals batting - Pitching for Oakland Athletics : RHP Mitsuo Kuriyama
|
Batting: RHB Avery Maxwell
|
0-0: Ball 1-0: Ground out 6-3 (Groundball, 6, EV 88.8 MPH)
|
Batting: SHB Tony Prado
|
0-0: Ball 1-0: Ball 2-0: Called Strike 2-1: Ball 3-1: Foul Ball, location: 2F 3-2: DOUBLE (Line Drive, 9LS, EV 96.3 MPH)
|
Batting: RHB Adriaan Pieters
|
0-0: Swinging Strike 0-1: Fly out, F9 (Flyball, 89XD, EV 96.3 MPH) Runner from 2nd tags up, SAFE at 3rd, no throw by RF
|
Batting: LHB Mike Meyerhoff
|
0-0: Called Strike 0-1: Ball 1-1: Foul Ball, location: 2F 1-2: 2-RUN HOME RUN (Flyball, 7D, EV 100.0 MPH), Distance : 390 ft
|
Batting: LHB Manny Estrada
|
0-0: Foul Ball, location: 2F 0-1: Ball 1-1: SINGLE (Groundball, 34D, EV 103.1 MPH)
|
Batting: SHB Gareth Busby
|
0-0: Foul Ball, location: 2F 0-1: Ball 1-1: Reached on error, E6 (Groundball, 6, EV 91.3 MPH) Manny Estrada to second
|
Batting: LHB Zion Davidson
|
0-0: Called Strike 0-1: Ball 1-1: Ball 2-1: Ball 3-1: Base on Balls Manny Estrada to third Gareth Busby to second
|
Batting: RHB Aaron Matthews
|
0-0: Swinging Strike 0-1: Swinging Strike 0-2: Ball 1-2: Fly out, F5 (Flyball, 5D, EV 87.5 MPH)
|
Bottom of the 3rd over - 2 runs, 3 hits, 1 error, 3 left on base; Oakland 0 - Kansas City 2 |
TOP OF THE 4TH |
Oakland Athletics batting - Pitching for Kansas City Royals : LHP John Hall
|
Batting: SHB Ryan Langlois
|
0-0: Foul Ball, location: 2F 0-1: Fly out, F7 (Flyball, 7, EV 76.3 MPH)
|
Batting: LHB Nate Dean
|
0-0: Called Strike 0-1: Ball 1-1: SINGLE (Line Drive, 78M, EV 102.5 MPH)
|
Batting: RHB Sébastien Piat
|
0-0: Called Strike Nate Dean steals 2nd, throwing error, E2 Nate Dean to third 0-1: Foul Ball, location: 2F 0-2: Foul Ball, location: 2F 0-2: Ground out 6-3 (Groundball, 56, EV 85.6 MPH) Nate Dean scores
|
Batting: LHB George Leary
|
0-0: Ball 1-0: Fly out, F7 (Line Drive, 7D, EV 95.0 MPH)
|
Top of the 4th over - 1 run, 1 hit, 1 error, 0 left on base; Oakland 1 - Kansas City 2 |
BOTTOM OF THE 4TH |
Kansas City Royals batting - Pitching for Oakland Athletics : RHP Mitsuo Kuriyama
|
Batting: RHB Jordan Diaz
|
0-0: Called Strike 0-1: Foul Ball, location: 2F 0-2: Strikes out swinging
|
Batting: RHB Avery Maxwell
|
0-0: Called Strike 0-1: Foul Ball, location: 2F 0-2: Foul Ball, location: 2F 0-2: Strikes out swinging
|
Batting: SHB Tony Prado
|
0-0: Ball 1-0: Called Strike 1-1: Fly out, F5 (Popup, 6, EV 78.8 MPH)
|
Bottom of the 4th over - 0 runs, 0 hits, 0 errors, 0 left on base; Oakland 1 - Kansas City 2 |
TOP OF THE 5TH |
Oakland Athletics batting - Pitching for Kansas City Royals : LHP John Hall
|
Batting: RHB Danny Murillo
|
0-0: Called Strike 0-1: Ball 1-1: SINGLE (Line Drive, 56D, EV 95.0 MPH)
|
Batting: RHB Justin McQuarter
|
0-0: Ball 1-0: Fly out, F8 (Flyball, 89M, EV 88.1 MPH)
|
Batting: LHB Tony Vitela
|
0-0: Ball Danny Murillo is caught stealing 2nd base 2-6 1-0: Called Strike 1-1: Swinging Strike 1-2: Foul Ball, location: 2F 1-2: DOUBLE (Line Drive, 78M, EV 96.9 MPH)
|
Batting: SHB Todd Hewitt
|
0-0: Ball 1-0: Called Strike 1-1: Ball 2-1: Foul Ball, location: 2F 2-2: Foul Ball, location: 2F 2-2: Strikes out looking
|
Top of the 5th over - 0 runs, 2 hits, 0 errors, 1 left on base; Oakland 1 - Kansas City 2 |
BOTTOM OF THE 5TH |
Kansas City Royals batting - Pitching for Oakland Athletics : RHP Mitsuo Kuriyama
|
Batting: RHB Adriaan Pieters
|
0-0: Foul Ball, location: 2F 0-1: Fly out, F9 (Flyball, 9D, EV 95.6 MPH)
|
Batting: LHB Mike Meyerhoff
|
0-0: Fly out, F3 (Popup, 34, EV 66.3 MPH)
|
Batting: LHB Manny Estrada
|
0-0: Ground out 4-3 (Groundball, 4, EV 80.6 MPH)
|
Bottom of the 5th over - 0 runs, 0 hits, 0 errors, 0 left on base; Oakland 1 - Kansas City 2 |
TOP OF THE 6TH |
Oakland Athletics batting - Pitching for Kansas City Royals : LHP John Hall
|
Batting: RHB Muneo Kawachi
|
0-0: Ball 1-0: Ball 2-0: Ball 3-0: Base on Balls
|
Pitching: RHP Cody Autry
|
|
Batting: SHB Ryan Langlois
|
0-0: Called Strike 0-1: Ball Muneo Kawachi is caught stealing 2nd base 2-6 1-1: Called Strike 1-2: Ball 2-2: Foul Ball, location: 2F 2-2: Strikes out looking
|
Batting: LHB Nate Dean
|
0-0: Ball 1-0: Ball 2-0: Ball 3-0: Base on Balls
|
Batting: RHB Sébastien Piat
|
0-0: Called Strike 0-1: Foul Ball, location: 2F 0-2: Ball Nate Dean is caught stealing 2nd base 2-4
|
Top of the 6th over - 0 runs, 0 hits, 0 errors, 0 left on base; Oakland 1 - Kansas City 2 |
BOTTOM OF THE 6TH |
Kansas City Royals batting - Pitching for Oakland Athletics : RHP Mitsuo Kuriyama
|
Batting: SHB Gareth Busby
|
0-0: Ball 1-0: Swinging Strike 1-1: Called Strike 1-2: Fly out, F7 (Flyball, 7LS, EV 84.4 MPH)
|
Batting: LHB Zion Davidson
|
0-0: Called Strike 0-1: Ball 1-1: Called Strike 1-2: Fly out, F6 (Popup, 4MD, EV 45.0 MPH)
|
Batting: RHB Aaron Matthews
|
0-0: Foul Ball, location: 2F 0-1: Ground out 6-3 (Groundball, 6, EV 105.0 MPH)
|
Bottom of the 6th over - 0 runs, 0 hits, 0 errors, 0 left on base; Oakland 1 - Kansas City 2 |
TOP OF THE 7TH |
Oakland Athletics batting - Pitching for Kansas City Royals : RHP Cody Autry
|
Pitching: RHP Chris Irvin
|
|
Batting: RHB Sébastien Piat
|
0-0: Ball 1-0: Foul Ball, location: 2F 1-1: Foul Ball, location: 2F 1-2: Foul Ball, location: 2F 1-2: Ball 2-2: Fly out, F8 (Flyball, 8LM, EV 90.0 MPH)
|
Batting: LHB George Leary
|
0-0: Called Strike 0-1: Swinging Strike 0-2: Ball 1-2: Ball 2-2: Foul Ball, location: 2F 2-2: SOLO HOME RUN (Flyball, 9D, EV 95.0 MPH), Distance : 367 ft
|
Batting: RHB Danny Murillo
|
0-0: Ball 1-0: Called Strike 1-1: Called Strike 1-2: Ball 2-2: Ball 3-2: Ground out 5-3 (Groundball, 56, EV 88.1 MPH)
|
Batting: RHB Justin McQuarter
|
0-0: Hit by Pitch
|
Batting: LHB Tony Vitela
|
0-0: Ball 1-0: Ball 2-0: DOUBLE (Flyball, 78D, EV 89.4 MPH) Justin McQuarter to third
|
Batting: SHB Todd Hewitt
|
0-0: Swinging Strike 0-1: Foul Ball, location: 2F 0-2: Strikes out swinging
|
Top of the 7th over - 1 run, 2 hits, 0 errors, 2 left on base; Oakland 2 - Kansas City 2 |
BOTTOM OF THE 7TH |
Kansas City Royals batting - Pitching for Oakland Athletics : RHP Mitsuo Kuriyama
|
Batting: RHB Jordan Diaz
|
0-0: Ball 1-0: SINGLE (Groundball, 56S, EV 68.8 MPH) (infield hit)
|
Batting: RHB Avery Maxwell
|
0-0: Ball 1-0: Ball 2-0: Ball 3-0: Base on Balls Jordan Diaz to second
|
Batting: SHB Tony Prado
|
0-0: Ball 1-0: Ball 2-0: DOUBLE (Line Drive, 9LD, EV 104.4 MPH) Jordan Diaz scores Avery Maxwell to third Runner from 3rd tries for Home, throw by RF and OUT! 9-4-2
|
Batting: RHB Adriaan Pieters
|
0-0: Foul Ball, location: 2F 0-1: Ball 1-1: Ball 2-1: Ball 3-1: SINGLE (Line Drive, 8LS, EV 100.6 MPH) Tony Prado to third Runner from 3rd tries for Home, SAFE, throw by CF to home
|
Batting: LHB Mike Meyerhoff
|
0-0: Ball 1-0: Ball 2-0: Foul Ball, location: 2F 2-1: 2-RUN HOME RUN (Flyball, 89XD, EV 104.4 MPH), Distance : 410 ft
|
Pitching: RHP John Owens
|
|
Batting: LHB Manny Estrada
|
0-0: Ball 1-0: Foul Ball, location: 2F 1-1: DOUBLE (Groundball, 3L, EV 110.6 MPH)
|
Batting: SHB Gareth Busby
|
0-0: Ball 1-0: Called Strike 1-1: Ball 2-1: SINGLE (Groundball, 5D, EV 106.9 MPH) Manny Estrada to third Runner from 3rd tries for Home, SAFE, throw by LF to home
|
Batting: LHB Zion Davidson
|
0-0: Ball 1-0: Ball 2-0: Called Strike 2-1: Foul Ball, location: 2F 2-2: Ball 3-2: Strikes out swinging
|
Batting: RHB Aaron Matthews
|
0-0: Called Strike 0-1: Foul Ball, location: 2F 0-2: Strikes out swinging, 2-3 out at first.
|
Bottom of the 7th over - 5 runs, 6 hits, 0 errors, 1 left on base; Oakland 2 - Kansas City 7 |
TOP OF THE 8TH |
Oakland Athletics batting - Pitching for Kansas City Royals : RHP Chris Irvin
|
Batting: RHB Muneo Kawachi
|
0-0: Called Strike 0-1: Ball 1-1: Foul Ball, location: 2F 1-2: Ball 2-2: Ball 3-2: Base on Balls
|
Batting: SHB Ryan Langlois
|
0-0: Called Strike 0-1: Ball 1-1: Ball 2-1: Swinging Strike 2-2: Foul Ball, location: 2F 2-2: Foul Ball, location: 2F 2-2: Ball 3-2: Strikes out swinging
|
Pitching: RHP Travis Lakatos
|
|
Batting: LHB Nate Dean
|
0-0: Foul Ball, location: 2F 0-1: Called Strike 0-2: Strikes out swinging
|
Batting: RHB Sébastien Piat
|
0-0: Fielders Choice at 2nd, U4 (Groundball, 4M, EV 85.0 MPH)
|
Top of the 8th over - 0 runs, 0 hits, 0 errors, 1 left on base; Oakland 2 - Kansas City 7 |
BOTTOM OF THE 8TH |
Kansas City Royals batting - Pitching for Oakland Athletics : RHP John Owens
|
Batting: RHB Jordan Diaz
|
0-0: Called Strike 0-1: Ball 1-1: Foul Ball, location: 2F 1-2: Strikes out swinging
|
Batting: RHB Avery Maxwell
|
0-0: Ball 1-0: Ball 2-0: DOUBLE (Line Drive, 7LS, EV 108.8 MPH)
|
Batting: SHB Tony Prado
|
0-0: Ball 1-0: Ball 2-0: Called Strike 2-1: Ball 3-1: Base on Balls
|
Batting: RHB Adriaan Pieters
|
0-0: Grounds into double play, 3-6-3 (Groundball, 34, EV 106.3 MPH)
|
Bottom of the 8th over - 0 runs, 1 hit, 0 errors, 1 left on base; Oakland 2 - Kansas City 7 |
TOP OF THE 9TH |
Oakland Athletics batting - Pitching for Kansas City Royals : RHP Travis Lakatos
|
Batting: LHB George Leary
|
0-0: Ball 1-0: Ball 2-0: Ball 3-0: Called Strike 3-1: Swinging Strike 3-2: Ground out 6-3 (Groundball, 4M, EV 83.1 MPH)
|
Batting: RHB Danny Murillo
|
0-0: Called Strike 0-1: Foul Ball, location: 2F 0-2: Foul Ball, location: 2F 0-2: Foul Ball, location: 2F 0-2: Ball 1-2: SINGLE (Line Drive, 8RS, EV 98.8 MPH)
|
Batting: RHB Justin McQuarter
|
0-0: SINGLE (Groundball, 56D, EV 105.0 MPH) Danny Murillo to second
|
Batting: LHB Tony Vitela
|
0-0: Ball 1-0: Called Strike 1-1: Grounds into double play, 4-6-3 (Groundball, 34, EV 101.3 MPH)
|
Top of the 9th over - 0 runs, 2 hits, 0 errors, 1 left on base; Oakland 2 - Kansas City 7 |
|